 Dungeon Crawl Stone Soup version 0.30-a0-782-ge64f9170bb (webtiles) character file.

Game seed: 9401931358340760793

26 Dirtsage the Chopper (level 2, -1/24 HPs)
             Began as a Demonspawn Fighter on Mar 9, 2023.
             Slain by a jackal (2 damage)
             ... on level 2 of the Dungeon.
             The game lasted 00:01:06 (673 turns).

Dirtsage the Chopper (Demonspawn Fighter)            Turns: 673, Time: 00:01:07

Health: -1/24      AC:  6    Str: 16    XL:     2   Next: 89%
Magic:  2/2        EV:  8    Int:  9    God:
Gold:   53         SH:  4    Dex: 12    Spells: 1/1 levels left

rFire   . . .      SeeInvis .    a - +0 war axe
rCold   . . .      Faith    .    c - +0 buckler
rNeg    . . .      Spirit   .    b - +0 scale mail
rPois   .          Reflect  .    (no helmet)
rElec   .          Harm     .    (no cloak)
rCorr   .          Rampage  .    (no gloves)
Will    .....                    (no boots) Stlth
                                 (no amulet)
HPRegen 0.24/turn                (no ring)
MPRegen 0.08/turn                (no ring)

@: no status effects
A: powered by death 1
a: no special abilities


You were on level 2 of the Dungeon.
You visited 1 branch of the dungeon, and saw 2 of its levels.

You collected 53 gold pieces.

Inventory:

Hand Weapons
 a - a +0 war axe (weapon)
Armour
 b - a +0 scale mail (worn)
 c - a +0 buckler (worn)
Scrolls
 e - a scroll of enchant weapon {unknown}
 f - a scroll of identify {unknown}
 g - 2 scrolls of teleportation {unknown}
 h - a scroll of vulnerability {unknown}
Potions
 d - a potion of might


   Skills:
 - Level 3.0 Fighting
 + Level 3.1 Axes
 - Level 2.6 Armour
 - Level 2.6 Shields


You had one spell level left.
You didn't know any spells.
Your spell library was empty.

Dungeon Overview and Level Annotations

Branches:
Dungeon (2/15)

Altars:

Shops:
D:1 ?


Innate Abilities, Weirdness & Mutations

You regenerate a little health from kills.


Message History

The jackal bites you but does no damage. x2
You take 3 damage, and have 9/24 hp.
You slash the jackal!
You kill the jackal!
You barely miss the jackal.
The jackal bites you but does no damage.
You regained 2 hp, and now have 11/24 hp.
You closely miss the jackal. You barely miss the jackal. The jackal bites you.
The jackal bites you but does no damage.
The jackal completely misses you. The jackal barely misses you.
You take 1 damage, and have 10/24 hp.
You closely miss the jackal. x2
The jackal bites you but does no damage.
The jackal bites you. x2
* * * LOW HITPOINT WARNING * * *
You take 3 damage, and have 7/24 hp.
You closely miss the jackal. You hit the jackal but do no damage.
The jackal closely misses you.
The jackal bites you but does no damage. x2
The jackal bites you.
* * * LOW HITPOINT WARNING * * *
You take 2 damage, and have 5/24 hp.
You hit the jackal.
The jackal is heavily wounded.
You hit the jackal.
The jackal bites you but does no damage.
You block the jackal's attack.
The jackal bites you but does no damage. x2
You completely miss the jackal.
The jackal is moderately wounded.
You hit the jackal. You block the jackal's attack. The jackal bites you.
* * * LOW HITPOINT WARNING * * *
The jackal barely misses you. The jackal bites you.
* * * LOW HITPOINT WARNING * * *
You take 4 damage, and have 1/24 hp.
You hit the jackal.
You kill the jackal!
You closely miss the jackal. You block the jackal's attack.
The jackal bites you.
You die...

..... #######
......#.....#
.?....#<..#.#
......†<.##.#
.>....#.....#
#...#..†...##
#.r #..#...#
.. #..!.?.# .
#.#.@..#
#.#h##.# #.#.
.# #.#. .# #.
.# #. #. ..


You could see a jackal.

Vanquished Creatures
  2 dart slugs (D:1)
  2 goblins (D:1)
  A hobgoblin (D:1)
  3 jackals (D:2)
  3 kobolds (D:1)
  4 quokkas
  3 ball pythons
  2 frilled lizards (D:1)
  A rat (D:1)
21 creatures vanquished.

Notes
Turn   | Place    | Note
-------+----------+-------------------------------------------
     0 | D:1      | Dirtsage the Demonspawn Fighter began the quest for the
                  | Orb.
     0 | D:1      | Reached XP level 1. HP: 18/18 MP: 1/1
    52 | D:1      | Gained mutation: You regenerate a little health from kills.
                  | [demonic ancestry]
    52 | D:1      | Reached XP level 2. HP: 17/24 MP: 2/2
   288 | D:1      | Found Dalo's Magic Scroll Shoppe.
   672 | D:2      | HP: 1/24 [jackal (3)]
   673 | D:2      | Slain by a jackal

Illustrated notes

Levels and vault maps discovered:
D:1:      dpeg_arrival_stone_temple_mockup, layout_basic, serial_shops,
          shop_statue, minmay_vboxes
D:2:      layout_basic, basic_altar, serial_glass, glass_columns_b,
          glass_columns_b, glass_columns_c, glass_columns_a

Skill      XL: |  1  2 |
---------------+-------+-----
Axes           | 2 3 |  3.1
Fighting       | |  3.0
Armour         | |  2.6
Shields        | |  2.6

Action                     || total
---------------------------++-------
  Melee: War axe           ||    56
 Armour: Scale mail        ||    41
  Dodge: Dodged            ||    26
  Block: Buckler           ||    13

Table legend: (Time is in decaauts)
 A = Elapsed time spent in this place.
 B = Non-inter-level travel time spent in this place.
 C = Inter-level travel time spent in this place.
 D = Time resting spent in this place.
 E = Time spent auto-exploring this place.
 F = Levels seen in this place.
 G = Mean time per level.
                   A        B        C        D        E       F      G
               +--------+--------+--------+--------+--------+-----+--------+
         Total |    694 |    656 |     38 |      0 |    541 |   2 |  347.0 |
       Dungeon |    694 |    656 |     38 |      0 |    541 |   2 |  347.0 |
               +--------+--------+--------+--------+--------+-----+--------+

Top non-repeatable levels by time:
     D:1: 659 daAuts
     D:2: 35 daAuts
